 Dungeon Crawl Stone Soup version 0.20.1-1-g8b1a95d (webtiles) character file.

98 MightyShellGatherer the Chopper (level 4, 0/41 HPs)
             Began as a Minotaur Berserker on Jan 4, 2018.
             Was a Believer of Trog.
             Slain by an adder (4 damage)
             ... on level 3 of the Dungeon.
             The game lasted 00:09:20 (2186 turns).

MightyShellGatherer the Chopper (MiBe)              Turns: 2186, Time: 00:09:21

Health: 0/41       AC:  3    Str: 23    XL:     4   Next: 44%
Magic:  3/3        EV: 12    Int:  4    God:    Trog [**....]
Gold:   49         SH:  0    Dex:  9    Spells: 3/3 levels left

rFire    . . .     SeeInvis .   a - +0 hand axe
rCold    . . .     Gourm    .   (no shield)
rNeg     . . .     Faith    .   b - +0 animal skin
rPois    .         Spirit   .   (helmet restricted)
rElec    .         Reflect  .   (no cloak)
rCorr    .         Harm     .   j - +0 pair of gloves
MR       .....                  (no boots)
Stlth    +.........             (no amulet)
Regen    0.2/turn               f - +4 ring of slaying
MPRegen  0.1/turn               (no ring)

@: no status effects
A: retaliatory headbutt, horns 2
a: Berserk, Trog's Hand, Burn Spellbooks, Renounce Religion


You were on level 3 of the Dungeon.
You worshipped Trog.
Trog was pleased with you.
You were very hungry.

You visited 1 branch of the dungeon, and saw 3 of its levels.

You collected 49 gold pieces.

Inventory:

Hand Weapons
 a - a +0 hand axe (weapon)
Armour
 b - a +0 animal skin (worn)
 j - a +0 pair of gloves (worn)
Jewellery
 f - a +4 ring of slaying (left hand)
Wands
 n - a wand of digging (12/24)
Scrolls
 d - a scroll of magic mapping {unknown}
 e - 2 scrolls of identify {unknown}
 g - a scroll of recharging {unknown}
 l - 2 scrolls of amnesia {unknown}
 m - 3 scrolls of teleportation {unknown}
 o - a scroll of fog {unknown}
 q - a scroll of remove curse
Potions
 h - 3 potions of heal wounds {unknown}
 i - a potion of might {unknown}
Comestibles
 c - 2 bread rations
 k - 8 fruits


   Skills:
 + Level 4.3 Fighting
 + Level 5.3 Axes
 + Level 2.8 Armour
 + Level 2.6 Dodging
 + Level 0.3 Stealth


You had 3 spell levels left.
You didn't know any spells.

Dungeon Overview and Level Annotations

Branches:
Dungeon (3/15)

Altars:

Annotations:
D:2 Terence
D:3 Sigmund


Innate Abilities, Weirdness & Mutations

You reflexively headbutt those who attack you in melee.
You have a pair of horns on your head.


Message History

The adder bites you.
* * * LOW HITPOINT WARNING * * *
You bump into the rock wall.
The orc wizard closely misses you. The adder bites you.
* * * LOW HITPOINT WARNING * * *
You closely miss the orc wizard.
The orc wizard is moderately wounded.
You closely miss the adder. The orc wizard hits you with a dagger.
* * * LOW HITPOINT WARNING * * *
The adder bites you.
* * * LOW HITPOINT WARNING * * *
The orc wizard casts a spell at you. The puff of frost hits you!
* * * LOW HITPOINT WARNING * * *
You closely miss the orc wizard.
The orc wizard is moderately wounded.
You miss the adder.
You feel less confused. The adder closely misses you. The adder bites you.
You die...

.#. .. ##.# #
#..#.# #..#.#
##....# #.r)#
#So####.#
#.@.....#
#.####### #.#
#.# #.# #.#
#.#
#.###########
#...........#


You could see an orc wizard, an adder and a rat.

Vanquished Creatures
  An orc wizard (D:3)
  2 oozes
  2 worms (D:2)
  4 dart slugs
  A leopard gecko (D:1)
  An orc (D:3)
  4 giant cockroaches
  6 goblins
  3 hobgoblins
  2 quokkas (D:2)
  A ball python (D:1)
  7 bats (D:1)
  7 frilled lizards
  6 kobolds
  4 rats
  A bush (D:1)
52 creatures vanquished.

Notes
Turn   | Place    | Note
-------+----------+-------------------------------------------
     0 | D:1      | MightyShellGatherer the Minotaur Berserker began the quest for the Orb.
     0 | D:1      | Reached XP level 1. HP: 19/19 MP: 0/0
   240 | D:1      | Reached skill level 4 in Axes
   270 | D:1      | Reached XP level 2. HP: 26/27 MP: 1/1
   503 | D:1      | Reached ** piety under Trog
   624 | D:1      | Reached XP level 3. HP: 31/33 MP: 2/2
  1003 | D:2      | Noticed Sigmund
  1462 | D:2      | Noticed Terence
  1771 | D:2      | Reached skill level 5 in Axes
  1771 | D:2      | Reached XP level 4. HP: 22/41 MP: 3/3
  2186 | D:3      | Slain by an adder

Skill      XL: |  1  2  3 |
---------------+----------+-----
Axes           | 4 5 |  5.3
Fighting       | 4 |  4.3
Armour         | |  2.8
Dodging        | |  2.6
Stealth        | |  0.3

Action                   |  1- 3 |  4- 6 || total
-------------------------+-------+-------++-------
Melee: Hand axe          |   157 |    13 ||   170
       Headbutt          |    35 |     2 ||    37
  Use: Scroll            |     1 |       ||     1
  Eat: Chunk             |     3 |       ||     3
Armor: Animal skin       |    27 |     6 ||    33
Dodge: Dodged            |    77 |    14 ||    91
